 Dungeon Crawl Stone Soup version 0.27.1-4-g1640c2035a (webtiles) character file.

Game seed: 432541242518509628

1764 Descartes the Magician (level 8, -6/43 HPs)
             Began as a Deep Elf Wanderer on Nov 16, 2021.
             Mangled by a gnoll shaman (19 damage)
             ... on level 5 of the Dungeon.
             The game lasted 00:24:59 (7355 turns).

Descartes the Magician (Deep Elf Wanderer)          Turns: 7355, Time: 00:24:59

Health: -6/43      AC:  5    Str:  9    XL:     8   Next: 79%
Magic:  17/17      EV: 12    Int: 23    God:
Gold:   105        SH:  0    Dex: 11    Spells: 5/17 levels left

rFire    . . .     SeeInvis +   a - +2 falchion
rCold    + . .     Faith    .   (no shield)
rNeg     . . .     Spirit   .   d - +1 leather armour {rPois}
rPois    +         Reflect  .   c - +1 hat
rElec    .         Harm     .   (no cloak)
rCorr    .         Rampage  .   (no gloves)
Will     .....                  (no boots)
Stlth    ++........             k - amulet of regeneration
HPRegen  1.14/turn              j - ring of protection from cold
MPRegen  0.15/turn              v - ring of see invisible

@: about to teleport
A: no striking features
a: no special abilities


You were on level 5 of the Dungeon.
You visited 1 branch of the dungeon, and saw 6 of its levels.
You also visited: Ossuary.

You collected 105 gold pieces.

Inventory:

Hand Weapons
 a - a +2 falchion (weapon)
Missiles
 e - 191 stones
 s - 21 poisoned darts
 u - 4 boomerangs
 E - 3 atropa-tipped darts
Armour
 c - a +1 hat (worn)
 d - a +1 leather armour of poison resistance (worn)
Magical Staves
 w - a staff of earth
 C - a staff of air
Jewellery
 j - a ring of protection from cold (left hand)
 k - an amulet of regeneration (around neck)
 v - a ring of see invisible (right hand)
Scrolls
 b - 4 scrolls of teleportation
 f - 3 scrolls of enchant weapon
 g - a scroll of amnesia {unknown}
 l - 4 scrolls of enchant armour {unknown}
 o - a scroll of immolation {unknown}
 q - a scroll of holy word {unknown}
 t - a scroll of fog
 y - 2 scrolls of magic mapping
 A - a scroll of acquirement {unknown}
 B - a scroll of noise {unknown}
Potions
 h - 2 potions of curing
 i - a potion of ambrosia
 m - a potion of might
 n - 4 potions of lignification
 p - 3 potions of heal wounds
 r - a potion of magic
 x - 2 potions of haste {unknown}
 D - 2 potions of attraction {unknown}
 G - a potion of mutation {unknown}


   Skills:
 - Level 1.0 Fighting
 - Level 1.0 Long Blades
 - Level 5.0 Dodging
 - Level 2.4 Stealth
 - Level 5.0 Spellcasting
 - Level 5.0 Conjurations
 - Level 5.0 Transmutations
 - Level 5.0 Fire Magic
 - Level 5.0 Earth Magic
 + Level 4.9 Poison Magic


You had 5 spell levels left.
You knew the following spells:

 Your Spells              Type           Power      Damage    Failure   Level
a - Foxfire               Conj/Fire      100%       2x1d9     1%          1
b - Sandblast             Erth           56%        2d13      1%          1
c - Lee's Rapid Deconstr  Erth           14%        3d10*     43%         5
d - Ignite Poison         Fire/Tmut/Pois 28%        N/A       5%          3
e - Poisonous Vapours     Pois/Air       34%        N/A       8%          2

Your spell library contained the following spells:

 Spells                   Type           Power      Damage    Failure   Level
 Passwall                 Tmut/Erth      23%        N/A       2%          2
 Conjure Flame            Conj/Fire      28%        6-21      4%          3
 Mephitic Cloud           Conj/Pois/Air  21%        N/A       11%         3
 Corona                   Hex            5%         N/A       13%         1
 Corpse Rot               Necr/Air       N/A        N/A       21%         2
 Ensorcelled Hibernation  Hex/Ice        10%        N/A       21%         2
 Ozocubu's Armour         Ice            5%         N/A       36%         3
 Tukima's Dance           Hex            5%         N/A       36%         3
 Bolt of Magma            Conj/Fire/Erth 14%        4d8       43%         5
 Freezing Cloud           Conj/Ice/Air   6%         6-21      88%         5
 Metabolic Englaciation   Hex/Ice        2%         N/A       98%         5
 Simulacrum               Ice/Necr       2%         N/A       100%        6


Dungeon Overview and Level Annotations

Branches:
Dungeon (6/15)            Ossuary (visited)
 Temple: D:4-7

Altars:
Elyvilon
Nemelex Xobeh
Qazlal
Ru
Sif Muna
Yredelemnul
Zin
The Shining One

Shops:
D:4 :


Message History

The ogre shouts!
The black bear growls angrily.
The foxfire hits the black bear.
The black bear is lightly wounded.
The foxfire hits the black bear.
The black bear is lightly wounded.
You see here a +0 scale mail.
A bullfrog skeleton comes into view.
There is a stone staircase leading up, spattered with blood here.
Casting: Foxfire (safe; 1% risk of failure)
Confirm with . or Enter, or press ? or * to list all spells.
You conjure some foxfire!
The foxfire hits the black bear.
The black bear is moderately wounded.
The foxfire hits the black bear.
The black bear is moderately wounded.
You climb upwards.
There is a stone staircase leading down here.
Magic restored.
There is a stone staircase leading down here.
You climb downwards.
The gnoll shaman shouts!
The gnoll shouts! x2; You hear a shout!
The gnoll hits you with a +0 halberd!
A gnoll comes into view. It is wielding a +0 spear.
The gnoll shaman closely misses you.
You riposte.
You closely miss the gnoll shaman.
Found a pair of gloves.
There is a stone staircase leading up here.
The gnoll shaman calls upon its god to speed up the gnoll.
The gnoll seems to speed up.
The gnoll closely misses you.
You riposte.
You slash the gnoll!
The gnoll is heavily wounded.
The gnoll hits you with a +0 whip.
You climb upwards.
There is a stone staircase leading down here.
As you read the scroll of teleportation, it crumbles to dust.
You feel strangely unstable. The gnoll hits you with a +0 halberd!
The gnoll hits you with a +0 whip!
The gnoll shaman hits you with a +0 whip of electrocution.
You are electrocuted!!
You die...

####'##.......................#
......#.......................#
......#.......................#
#######....##############.....###
##....#....###.............###..#
..)...#....#_'.............#....#
......'....###.............#....'
#####'#.[.)# ############..######
##.#..)....# #@g..........#..##
...#.......# #gg..........#....
...#.......# #............#....
.###.......#####............#####
##................############...
#................#....#.....'...
#................#....#.....#...
#................#....#.....#...
#.....###'##.....#....'.....#...


You could see a gnoll shaman and 2 gnolls.

Vanquished Creatures
  Sigmund (D:2)
  A water moccasin (D:5)
  The ghost of wpisznazwe the Gusty, an amateur TeAE (D:3)
  A black bear (D:5)
  A sky beast (D:5)
  2 ogres (D:5)
  A necrophage (D:5)
  A phantom (D:5)
  The ghost of Fulminus the Magician, an amateur GrWz (D:3)
  3 scorpions
  A water moccasin zombie (Ossuary)
  2 water moccasin skeletons
  A jelly (D:4)
  A centaur skeleton (D:6)
  3 orc priests
  An orc wizard (D:5)
  2 mummies (Ossuary)
  A howler monkey zombie (D:5)
  4 gnolls (D:4)
  7 adders
  An ufetubus (D:3)
  4 adder zombies (Ossuary)
  4 worms (D:2)
  4 dart slugs
  12 orcs
  9 endoplasms
  2 giant cockroaches (D:2)
  6 gnoll zombies (Ossuary)
  5 goblins
  15 hobgoblins
  2 jackals (D:1)
  2 quokkas
  10 ball pythons
  5 bats
  3 frilled lizards (D:3)
  A goblin skeleton (D:3)
  A goblin zombie (D:3)
  6 hobgoblin zombies (Ossuary)
  11 kobolds
  8 kobold zombies
  2 orc skeletons (D:3)
  5 orc zombies
  2 rats
156 creatures vanquished.

Vanquished Creatures (others)
  800 foxfires
800 creatures vanquished.

Grand Total: 956 creatures vanquished

Notes
Turn   | Place    | Note
-------+----------+-------------------------------------------
     0 | D:1      | Descartes the Deep Elf Wanderer began the quest for the
                  | Orb.
     0 | D:1      | Descartes set off with the following items: a +2 falchion,
                  | a scroll of teleportation, a +0 robe, a +0 dagger; and the
                  | following spell memorised: Foxfire; and the following
                  | spells available to memorise: Conjure Flame
     0 | D:1      | Reached XP level 1. HP: 12/12 MP: 6/6
   171 | D:1      | Reached XP level 2. HP: 16/16 MP: 2/8
   311 | D:1      | Reached skill level 1 in Fire Magic
   863 | D:1      | Reached XP level 3. HP: 20/20 MP: 7/9
   902 | D:1      | Found a faded altar of an unknown god.
  1102 | D:1      | Learned a level 1 spell: Sandblast
  1905 | D:2      | Reached XP level 4. HP: 25/25 MP: 7/11
  2234 | D:2      | Noticed Sigmund
  2239 | D:2      | Killed Sigmund
  2240 | D:2      | Reached XP level 5. HP: 29/29 MP: 6/13
  2925 | D:3      | Found a glowing golden altar of the Shining One.
  3167 | D:3      | Learned a level 5 spell: Lee's Rapid Deconstruction
  3281 | D:3      | Reached XP level 6. HP: 34/34 MP: 8/14
  3577 | D:3      | Found a runed translucent gate.
  3579 | D:3      | Found a runed translucent gate.
  3581 | D:3      | Found a runed translucent gate.
  3581 | D:3      | Noticed Fulminus's ghost (amateur GrWz)
  3581 | D:3      | Noticed wpisznazwe's ghost (amateur TeAE)
  3628 | D:3      | Found a basalt altar of Yredelemnul.
  3688 | D:3      | Learned a level 3 spell: Ignite Poison
  3760 | D:3      | Found a white marble altar of Elyvilon.
  4039 | D:3      | Found a sparkling altar of Nemelex Xobeh.
  4160 | D:3      | Killed Fulminus's ghost
  4161 | D:3      | Killed wpisznazwe's ghost
  4162 | D:3      | Reached skill level 1 in Transmutations
  4162 | D:3      | Reached skill level 1 in Poison Magic
  4284 | D:4      | Reached XP level 7. HP: 38/38 MP: 9/16
  4356 | D:4      | Found Jed Ewut's Book Boutique.
  4427 | D:4      | Reached skill level 5 in Spellcasting
  4584 | D:4      | Reached skill level 5 in Conjurations
  4892 | D:4      | Learned a level 2 spell: Poisonous Vapours
  4959 | D:4      | Found a sacrificial altar of Ru.
  5144 | D:5      | Entered Level 5 of the Dungeon
  5184 | D:5      | Found a shimmering blue altar of Sif Muna.
  5273 | D:5      | Found a sand-covered staircase.
  5278 | Ossuary  | Entered an ossuary
  6015 | D:5      | Reached XP level 8. HP: 43/43 MP: 11/17
  6054 | D:5      | Found a stormy altar of Qazlal.
  6129 | D:5      | Reached skill level 5 in Dodging
  6671 | D:5      | Reached skill level 5 in Fire Magic
  6760 | D:5      | Reached skill level 5 in Earth Magic
  6984 | D:5      | Found a glowing silver altar of Zin.
  7265 | D:6      | Reached skill level 5 in Transmutations
  7355 | D:5      | Mangled by a gnoll shaman

Illustrated notes

Levels and vault maps discovered:
D:1:      mrwooster_arrival_statue_2, layout_basic,
          ebering_ecumenical_altar_mist
D:2:      layout_loops_ring, serial_rivers, chequers_serial_rivers_micro_d,
          chequers_serial_rivers_marsh, chequers_serial_rivers_room_a,
          chequers_serial_rivers_small_3, chequers_serial_rivers_large_b,
          chequers_serial_rivers_micro_d, uniq_sigmund
D:3:      layout_loops_ring, elyvilon_altar_5, lemuel_crystal_altar,
          old_standard_altar, nicolae_tso_besieged_by_evil,
          gammafunk_ghost_cemetery, minivault_4
D:4:      layout_cave_pools, old_standard_altar, serial_shops, shop
D:5:      layout_gridville, zin_scriptorium, nicolae_qazlal_eye_of_the_storm,
          lemuel_blue_sif_altar, enter_ossuary_2, roderic_serpentine_path,
          minivault_25
D:6:      layout_loops_ring, kennysheep_little_box, cheibriados_altar_2,
          minmay_temple_entry_grid, kennysheep_generic_room_9

Skill      XL: |  1  2  3  4  5  6  7  8 |
---------------+-------------------------+-----
Fire Magic     | 1 2 3 4 5 |  5.0
Dodging        | 2 3 4 5 |  5.0
Spellcasting   | 4 5 |  5.0
Conjurations   | 4 5 |  5.0
Earth Magic    | 2 3 4 5 |  5.0
Transmutations | 1 2 5 |  5.0
Poison Magic   | 1 2 4 |  4.9
Fighting       | |  1.0
Long Blades    | |  1.0
Stealth        | |  2.4

Action                   |  1- 3 |  4- 6 |  7- 9 || total
-------------------------+-------+-------+-------++-------
Melee: Falchion          |       |     1 |       ||     1
 Cast: Foxfire           |   106 |   130 |   247 ||   483
       Sandblast         |     1 |     4 |       ||     5
  Use: Scroll            |       |     5 |     6 ||    11
Armor: Robe              |       |     1 |       ||     1
       Leather armour    |       |       |    16 ||    16
Dodge: Dodged            |    11 |     8 |    41 ||    60
       Rpst.: Falchion   |     2 |     5 |    15 ||    22
